 Dungeon Crawl Stone Soup version 0.31-a0-963-ga325b2283a (webtiles) character file.

Game seed: 12817610139295466410

249 ongoing the Trooper (level 6, -1/60 HPs)
             Began as a Gargoyle Chaos Knight on Oct 24, 2023.
             Was a Plaything of Xom.
             Slain by a redback (glowing shapeshifter) (14 damage)
             ... led by a gnoll bouda
             ... on level 4 of the Dungeon.
             The game lasted 00:04:32 (2177 turns).

ongoing the Trooper (Gargoyle Chaos Knight)         Turns: 2177, Time: 00:04:32

Health: -1/60      AC: 27    Str: 18    XL:     6   Next: 12%
Magic:  6/6        EV:  2    Int: 12    God:    Xom [..*...]
Gold:   97         SH:  0    Dex:  9    Spells: 5/5 levels left

rFire   . . .        a - +0 mace (chaos)
rCold   . . .        (no shield)
rNeg    + . .        b - melded +2 leather armour
rPois   ∞            (helmet currently unavailable)
rElec   .            (cloak currently unavailable)
rCorr   .            (gloves currently unavailable)
SInv    .            (boots currently unavailable)
Will    .....        (no amulet)
Stlth   +            p - +4 ring of protection
HPRegen 0.30/turn    (no ring)
MPRegen 0.10/turn

%: no passive effects
@: tree-form (expiring)
A: stationary, stasis, torment immunity, boosted hp, sickness immunity, AC +4,
negative energy resistance 1, (electricity resistance), torment resistance 1,
petrification resistance
a: Renounce Religion


You were on level 4 of the Dungeon.
You worshipped Xom.
You were a toy of Xom.
You were a tree.
You visited 1 branch of the dungeon, and saw 4 of its levels.

You collected 97 gold pieces.

Inventory:

Hand Weapons
 a - a +0 mace of chaos (weapon)
 i - a +0 flail
Missiles
 e - 11 poisoned darts
 f - 6 javelins
 q - 2 throwing nets
Armour
 b - a +2 leather armour (melded)
Jewellery
 p - a +4 ring of protection (left branch)
Scrolls
 c - a scroll of butterflies
 g - a scroll of enchant weapon {unknown}
 h - 2 scrolls of poison {unknown}
 k - a scroll of identify {unknown}
 l - a scroll of immolation {unknown}
 m - 3 scrolls of fear {unknown}
 r - a scroll of torment {unknown}
Potions
 d - 2 potions of curing
 j - a potion of lignification
 o - a potion of resistance {unknown}


   Skills:
 + Level 5.6 Fighting
 + Level 5.1 Maces & Flails
 - Level 2.1 Armour
 - Level 0.7 Dodging


You had 5 spell levels left.
You didn't know any spells.
Your spell library contained the following spells:

 Spells                   Type           Power      Damage    Failure   Level
 Apportation              Tloc           0%         N/A       32%         1
 Jinxbite                 Hex            0%         N/A       45%         2
 Leda's Liquefaction      Hex/Erth       0%         N/A       97%         4
 Petrify                  Tmut/Erth      0%         N/A       97%         4
 Alistair's Intoxication  Tmut/Pois      0%         N/A       100%        5
 Irradiate                Conj/Tmut      0%         3d11      100%        5
 Lee's Rapid Deconstruct  Erth           0%         3d4*      100%        5
 Bombard                  Conj/Erth      0%         9d1       100%        6
 Sublimation of Blood     Necr           Unusable   N/A       N/A         2

Dungeon Overview and Level Annotations

Branches:
Dungeon (4/15)
 Temple: D:4-7

Altars:

Annotations:
D:4 1 runed translucent door, dertzug's ghost, amateur MiFi


Innate Abilities, Weirdness & Mutations

You are a tree.
Your roots penetrate the ground, keeping you stationary.
You cannot be teleported.
You are immune to unholy pain and torment.
Your maximum health is greatly increased.
Your equipment is partially melded.
You are immune to sickness and miasma.
((Your stone body is resilient. (AC +4)))
You are immune to poison.
You resist negative energy. (rN+)
((You are resistant to electric shocks. (rElec)))
You are resistant to unholy torment.
You are immune to petrification.


Message History

Your ufetubus hits the gnoll.
Your ufetubus closely misses the gnoll.
You closely miss the gnoll.
The gnoll is lightly wounded.
The gnoll hits you but does no damage. The gnoll barely misses you.
Your ufetubus completely misses the gnoll.
Your ufetubus hits the gnoll.
The gnoll hits you from afar with a +0 spear.
You hit the gnoll.
The gnoll seems to speed up.
The gnoll is almost dead.
Your transformation is almost over.
The gnoll is no longer moving quickly.
The gnoll completely misses you.
Your ufetubus hits the gnoll.
The gnoll dies!
The gnoll hits you with a +0 club.
* * * LOW HITPOINT WARNING * * *
The gnoll hits you but does no damage. x2
You completely miss the gnoll.
Your ufetubus slips past the gnoll!
Your ufetubus barely misses the gnoll. x2
The gnoll hits you but does no damage.
Your ufetubus hits the gnoll. x2
The gnoll hits you but does no damage.
You sock the gnoll!
The gnoll changes into a glowing shapeshifter!
The glowing shapeshifter is heavily wounded.
The glowing shapeshifter changes into a redback!
The gnoll hits your ufetubus with a +0 spear.
Your ufetubus dies!
Your ufetubus disappears in a puff of smoke!
The gnoll hits you but does no damage.
You hit the redback. You drain the redback.
The redback is moderately wounded.
The redback bites you but does no damage.
The gnoll hits you but does no damage.
You hit the redback.
The redback goes berserk!
The redback is heavily wounded.
The redback bites you but does no damage.
The redback bites you.
* * * LOW HITPOINT WARNING * * *
The redback bites you!
You die...
Xom is highly amused!

...#
#.#.#.##.#.#....#..#
...#
#.#.#.##.#.#....#..#
...#
#.#.#....#.#....#..#
...#
#.#.+####+.#....#'###
..... #..
..#........# ###..
.+########+........#
........(..........#
......).#..#.......#
#+##...♣#..#########
#..)s#...# #..g.+...#
#....##..# ...
....####### ###...
+.... ...... #....
..... #.... ...#


You could see a redback shaped shifter (berserk, drained) and a gnoll.

Vanquished Creatures
  A howler monkey (D:3)
  A gnoll bouda (D:4)
  5 gnolls
  5 adders
  A worm (D:2)
  3 dart slugs
  4 ball pythons
  6 bats
  3 endoplasms
  4 giant cockroaches
  6 goblins
  7 hobgoblins
  4 jackals (D:3)
  2 kobolds (D:1)
  3 quokkas
  4 frilled lizards
  8 rats
67 creatures vanquished.

Vanquished Creatures (collateral kills)
  2 gnolls (D:4)
  A bat (D:3)
  An endoplasm (D:3)
4 creatures vanquished.

Vanquished Creatures (others)
  A jackal zombie (D:3)
1 creature vanquished.

Grand Total: 72 creatures vanquished

Notes
Turn   | Place    | Note
-------+----------+-------------------------------------------
     0 | D:1      | ongoing the Gargoyle Chaos Knight began the quest for the
                  | Orb.
     0 | D:1      | Reached XP level 1. HP: 14/14 MP: 1/1
    72 | D:1      | XOM: potion effect (brilliance)
    93 | D:1      | Reached XP level 2. HP: 6/19 MP: 2/2
   154 | D:1      | Found a faded altar of an unknown god.
   351 | D:1      | XOM: divination: detect items
   355 | D:1      | XOM: 1-stop teleportation journey
   560 | D:1      | Reached XP level 3. HP: 16/24 MP: 3/3
   561 | D:1      | XOM: divination: detect creatures
   842 | D:2      | Reached XP level 4. HP: 30/30 MP: 4/4
  1354 | D:3      | XOM: silly message
  1654 | D:3      | XOM: noise
  1736 | D:3      | XOM: silly message
  1740 | D:3      | Reached XP level 5. HP: 27/34 MP: 5/5
  1743 | D:3      | Reached skill level 5 in Fighting
  1984 | D:4      | Found a runed translucent door.
  1986 | D:4      | Noticed dertzug's ghost (amateur MiFi)
  2161 | D:4      | XOM: noise
  2164 | D:4      | XOM: summons friendly ufetubus
  2168 | D:4      | Reached skill level 5 in Maces & Flails
  2169 | D:4      | Reached XP level 6. HP: 11/40 MP: 6/6
  2175 | D:4      | a gnoll changed into a glowing shapeshifter
  2175 | D:4      | Noticed a glowing shapeshifter (glowing shapeshifter)
  2175 | D:4      | a glowing shapeshifter changed into a redback
  2175 | D:4      | Noticed a redback (glowing shapeshifter)
  2177 | D:4      | Slain by a redback (glowing shapeshifter)

Illustrated notes

Levels and vault maps discovered:
D:1:      wander_arrival_chamber, layout_basic,
          hellmonk_ecumenical_altar_crossroads, hangedman_abyss_or_decor_stabs,
          minmay_misc_feat_encased
D:2:      layout_rooms
D:3:      layout_basic, serial_curves, eino_curves_01, eino_curves_03,
          eino_curves_01, eino_curves_02
D:4:      layout_gridville, ebering_ghost_sewer_f, minivault_11,
          uniq_blork_the_orc, uniq_ijyb

Skill      XL: |  1  2  3  4  5 |
---------------+----------------+-----
Fighting       | 4 5 |  5.6
Maces & Flails | 4 5 |  5.1
Armour         | |  2.1
Dodging        | |  0.7

Action                     |  1- 3 |  4- 6 || total
---------------------------+-------+-------++-------
  Melee: Mace              |   102 |   113 ||   215
         Punch             |     1 |       ||     1
    Use: Potion            |     1 |     2 ||     3
 Armour: Leather armour    |    95 |   102 ||   197
         Skin              |       |    71 ||    71
  Dodge: Dodged            |   100 |   105 ||   205

Table legend: (Time is in decaauts)
 A = Elapsed time spent in this place.
 B = Non-inter-level travel time spent in this place.
 C = Inter-level travel time spent in this place.
 D = Time resting spent in this place.
 E = Time spent auto-exploring this place.
 F = Levels seen in this place.
 G = Mean time per level.
                   A        B        C        D        E       F      G
               +--------+--------+--------+--------+--------+-----+--------+
         Total |   2218 |   2185 |     33 |     46 |   1615 |   4 |  554.5 |
       Dungeon |   2218 |   2185 |     33 |     46 |   1615 |   4 |  554.5 |
               +--------+--------+--------+--------+--------+-----+--------+

Top non-repeatable levels by time:
     D:3: 792 daAuts
     D:1: 753 daAuts
     D:2: 434 daAuts
     D:4: 238 daAuts
